 Dungeon Crawl Stone Soup version 0.21-a0-185-g3a6ed1e (webtiles) character file.

14930 namelastname112 the Fighter (level 11, -1/104 HPs)
             Began as a Yellow Draconian Wanderer on Aug 12, 2017.
             Was an Initiate of Gozag.
             Slain by an orc knight
             ... wielding a +0 glaive
              (18 damage)
             ... in a bailey.
             The game lasted 00:11:13 (6014 turns).

namelastname112 the Fighter (DrWn)                  Turns: 6014, Time: 00:11:13

Health: -1/104     AC: 10    Str: 15    XL:     11   Next: 95%
Magic:  12/12      EV: 17    Int: 20    God:    Gozag
Gold:   632        SH:  0    Dex: 11    Spells: 12/12 levels left

rFire    . . .     SeeInvis .   h - +5 battleaxe (freeze)
rCold    . . .     Gourm    .   (shield currently unavailable)
rNeg     . . .     Faith    .   (armour unavailable)
rPois    +         Spirit   .   (helmet restricted)
rElec    .         Reflect  .   l - +1 cloak
rCorr    +         Harm     .   (no gloves)
MR       +....                  w - +0 pair of boots
Stlth    +.........             y - amulet of regeneration
HPRegen  0.67/turn              r - ring of poison resistance
MPRegen  0.13/turn              G - ring of protection from magic

@: brilliant, gold aura, berserk cooldown, slowed, very slow
A: spit acid, acid resistance, unfitting armour, cold-blooded, AC +7
a: Breathe Acid, Potion Petition, Call Merchant, Bribe Branch, Renounce Religion


You were in a bailey.
You worshipped Gozag.
Gozag was pleased with you.
You were not hungry.

You visited 2 branches of the dungeon, and saw 9 of its levels.
You also visited: Bailey.

You collected 688 gold pieces.
You paid 56 gold pieces to Gozag.

Inventory:

Hand Weapons
 h - a +5 battleaxe of freezing (weapon)
Armour
 l - a +1 cloak (worn)
 w - a +0 pair of boots (worn)
Magical Staves
 E - an uncursed staff of cold
Jewellery
 g - an uncursed ring of protection from fire
 r - a ring of poison resistance (left hand)
 y - an amulet of regeneration (around neck)
 G - a ring of protection from magic (right hand)
Wands
 a - a wand of random effects (29/48)
 c - a wand of random effects (20/48)
 p - a wand of confusion (21/48)
Scrolls
 e - a scroll of magic mapping
Potions
 f - 2 potions of might
 j - 6 potions of curing
 k - 2 potions of flight
 m - a potion of ambrosia
 s - 2 potions of heal wounds
 D - a potion of haste
 I - 2 potions of mutation
Comestibles
 d - 6 bread rations


   Skills:
 + Level 12.0 Fighting
 * Level 11.8 Axes
 + Level 10.3 Dodging
 - Level 1.0 Stealth
   Level 1.0 Shields
 - Level 1.0 Spellcasting
   Level 1.0 Conjurations
   Level 1.0 Air Magic


You had 12 spell levels left.
You didn't know any spells.

Dungeon Overview and Level Annotations

Branches:
Dungeon (8/15)             Temple (1/1) D:6            Lair (0/6) D:8

Altars:
Ashenzari
Cheibriados
Dithmenos
Elyvilon
Gozag
Hepliaklqana
Kikubaaqudgha
Makhleb
Nemelex Xobeh
Okawaru
Qazlal
Ru
Sif Muna
Uskayaw
Vehumet
Wu Jian
Xom
Yredelemnul
Zin
The Shining One

Annotations:
D:5 exclusion: statue


Innate Abilities, Weirdness & Mutations

You can spit globs of acid.
You are resistant to acid.
Your golden yellow scales are hard. (AC +7)
You cannot fit into any form of body armour.
You are cold-blooded and may be slowed by cold attacks.


Message History

The orc is distracted by the nearby gold.
The orc barely misses you. The orc warrior barely misses you.
The orc shouts!
You regained 27 hp, and now have 32/104 hp.
The orc knight no longer looks unusually strong.
The orc is no longer distracted by gold.
The orc no longer looks unusually strong.
The orc knight roars a battlecry!
The orcs go into a battle-frenzy!
The orc knight hits you from afar with a glaive!!
* * * LOW HITPOINT WARNING * * *
You take 31 damage, and have 1/104 hp.
MASSIVE DAMAGE!!
You feel much better.
The orc knight no longer looks unusually strong.
The orc barely misses you. The orc warrior closely misses you.
The orc knight hits you from afar with a trident.
* * * LOW HITPOINT WARNING * * *
The orc knight hits you from afar with a glaive!!
You die...
Your body crumbles into a pile of gold.

############ ####
##.∩....o...## ##...
#.....@ooo...######....
#...$))oo.$$.#.$$.#.o..
#∩..$))).))))$....'..o.
#...$$$..))).#.$$.#..o.
#....$.....$.######....
##.∩........## ##...
############ ####


You could see 2 orc knights, an orc warrior and 3 orcs.

Vanquished Creatures
  An unseen horror (D:6)
  The ghost of namelastname112 the Skirmisher, an amateur DrWn (D:3)
  Menkaure (D:5)
  3 water moccasins
  A black bear (D:7)
  5 orc warriors (Bailey)
  2 phantoms
  2 ogres
  4 centaurs
  3 bullfrogs (D:6)
  2 scorpions
  6 killer bees (D:7)
  3 wights (D:7)
  5 crimson imps
  2 jellies (D:6)
  3 hounds
  A quasit (D:6)
  2 orc priests
  6 orc wizards
  Jessica (D:2)
  An iguana (D:5)
  Natasha (thrice) (D:2)
  3 worker ants
  Robin (D:2)
  5 adders
  3 gnolls (D:3)
  2 shadow imps
  3 oozes
  An adder skeleton (D:5)
  2 adder zombies
  A worm (D:2)
  4 dart slugs
  3 leopard geckos
  37 orcs
  4 giant cockroaches
  16 goblins
  18 hobgoblins
  8 jackals
  5 quokkas
  2 ball pythons (D:1)
  6 bats
  5 frilled lizards
  A jackal skeleton (D:7)
  6 kobolds
  A leopard gecko skeleton (D:5)
  9 rats
204 creatures vanquished.

Vanquished Creatures (others)
  A necrophage (D:6)
1 creature vanquished.

Grand Total: 205 creatures vanquished

Notes
Turn   | Place    | Note
-------+----------+-------------------------------------------
     0 | D:1      | namelastname112 the Draconian Wanderer began the quest for the Orb.
     0 | D:1      | namelastname112 set off with: a +2 hand axe, a +0 mace, a potion of lignification, a bread ration
     0 | D:1      | Reached XP level 1. HP: 14/14 MP: 2/2
   111 | D:1      | Reached skill level 1 in Fighting
   111 | D:1      | Reached XP level 2. HP: 15/23 MP: 3/3
   170 | D:1      | Reached skill level 1 in Dodging
   313 | D:1      | Reached XP level 3. HP: 24/29 MP: 4/4
   479 | D:1      | Reached skill level 2 in Fighting
   830 | D:2      | Noticed Jessica
   841 | D:2      | Killed Jessica
   841 | D:2      | Reached XP level 4. HP: 31/37 MP: 5/5
   907 | D:2      | Noticed Robin
   916 | D:2      | Reached skill level 3 in Fighting
   934 | D:2      | Killed Robin
  1299 | D:2      | Noticed Natasha
  1309 | D:2      | Killed Natasha
  1309 | D:2      | Reached XP level 5. HP: 32/45 MP: 6/6
  1375 | D:2      | Noticed Natasha
  1384 | D:2      | Killed Natasha
  1479 | D:2      | HP: 2/46 [poisoned by an adder]
  1505 | D:2      | Noticed Natasha
  1539 | D:2      | HP: 1/69 [white imp[Natasha] (3)]
  1541 | D:2      | Killed Natasha
  1541 | D:2      | Reached skill level 4 in Fighting
  2119 | D:3      | Noticed namelastname112's ghost (amateur DrWn)
  2145 | D:3      | Killed namelastname112's ghost
  2145 | D:3      | Reached skill level 5 in Fighting
  2145 | D:3      | Reached XP level 6. HP: 26/56 MP: 7/7
  2384 | D:3      | Found a hazy altar of Hepliaklqana.
  2618 | D:4      | Found a sacrificial altar of Ru.
  2819 | D:4      | Your scales start taking on a golden yellow colour.
  2819 | D:4      | Reached XP level 7. HP: 61/61 MP: 8/8
  2915 | D:4      | Found an ancient bone altar of Kikubaaqudgha.
  3003 | D:5      | Entered Level 5 of the Dungeon
  3012 | D:5      | Found an ornate altar of the Wu Jian Council.
  3012 | D:5      | Found a radiant altar of Vehumet.
  3046 | D:5      | Reached skill level 6 in Fighting
  3097 | D:5      | Reached skill level 5 in Dodging
  3155 | D:5      | Noticed Menkaure
  3156 | D:5      | Killed Menkaure
  3211 | D:5      | Found a hide-covered altar of Uskayaw.
  3392 | D:5      | Reached XP level 8. HP: 70/71 MP: 9/9
  3394 | D:5      | Reached skill level 7 in Fighting
  3986 | D:6      | Found a staircase to the Ecumenical Temple.
  4012 | Temple   | Entered the Ecumenical Temple
  4030 | Temple   | Became a worshipper of Gozag Ym Sagoz the Greedy
  4216 | D:6      | Reached skill level 8 in Fighting
  4220 | D:6      | HP: 4/111 [crimson imp (2)]
  4227 | D:6      | HP: 4/111 [poisoned by a water moccasin]
  4232 | D:6      | HP: 3/75 [poisoned by a water moccasin]
  4741 | D:7      | Reached skill level 9 in Fighting
  4741 | D:7      | Reached XP level 9. HP: 83/83 MP: 10/10
  5134 | D:6      | Killed an unseen horror
  5584 | D:7      | Reached skill level 11 in Fighting
  5584 | D:7      | Reached skill level 10 in Axes
  5584 | D:7      | Reached XP level 10. HP: 96/96 MP: 11/11
  5630 | D:8      | Found a flagged portal.
  5638 | Bailey   | Entered a bailey
  5960 | Bailey   | Reached skill level 12 in Fighting
  5960 | Bailey   | Reached skill level 10 in Dodging
  5960 | Bailey   | Reached XP level 11. HP: 104/104 MP: 12/12
  5966 | Bailey   | Noticed an orc knight
  5966 | Bailey   | Noticed an orc knight
  6007 | Bailey   | HP: 4/156 [orc knight/glaive (15)]
  6013 | Bailey   | HP: 1/104 [orc knight/glaive (32)]
  6014 | Bailey   | Slain by an orc knight

Vault maps used:
D:1:      saegor_arrival_simple_d, minmay_small_reverse_x
D:2:      uniq_robin, uniq_natasha, uniq_jessica
D:3:      lemuel_crystal_altar, first_bread
D:4:      lemuel_coloured_pillars_altar, old_standard_altar
D:5:      vehumet_statue, lemuel_crystal_altar, kennysheep_little_box,
          uniq_menkaure
D:6:      cheibrodos_fzero, temple_pool_b
D:7:      abandoned_shop
D:8:      overflow_temple_1_default, due_lair_maze_entry_diamond,
          enter_bailey_3, serial_bayou_lagoon_a, blue_anna_alchemist,
          st_stairs_11
Temple:   eino_temple_lava
Bailey:   bailey_polearm_5, bailey

Skill      XL: |  1  2  3  4  5  6  7  8  9 10 |
---------------+-------------------------------+-----
Fighting       | 1 2 3 5 6 9 11 12 | 12.0
Dodging        | 1 2 4 5 7 9 10 | 10.3
Axes           | 10 11 | 11.8
Stealth        | |  1.0
Shields        | |  1.0
Spellcasting   | |  1.0
Conjurations   | |  1.0
Air Magic      | |  1.0

Action                   |  1- 3 |  4- 6 |  7- 9 | 10-12 || total
-------------------------+-------+-------+-------+-------++-------
Melee: Hand axe          |    99 |   184 |       |       ||   283
       Tailslap          |     7 |    20 |    36 |     8 ||    71
       Whip              |       |    37 |   344 |       ||   381
       Battleaxe         |       |       |    70 |    55 ||   125
 Abil: Breathe Acid      |       |       |    11 |     2 ||    13
Evoke: Wand              |       |       |     4 |       ||     4
  Use: Potion            |       |     1 |     3 |     7 ||    11
       Scroll            |       |       |    18 |     1 ||    19
 Stab: Sleeping          |     1 |     2 |     2 |       ||     5
       Invisible         |       |       |     3 |       ||     3
  Eat: Chunk             |       |    10 |     1 |       ||    11
       Royal jelly       |       |       |     3 |       ||     3
       Fruit             |       |       |     3 |       ||     3
       Bread ration      |       |       |       |     1 ||     1
Armor: Skin              |    30 |    82 |   179 |    15 ||   306
Dodge: Dodged            |    53 |   128 |   372 |    88 ||   641
